 Dungeon Crawl Stone Soup version 0.26.1-11-gd32895ea62 (webtiles) character file.

Game seed: 10130449466933506246

5269 phalm the Geomancer (level 10, -5/59 HPs)
             Began as a Gargoyle Earth Elementalist on Apr 27, 2021.
             Was a Believer of Vehumet.
             Slain by a polar bear (7 damage)
             ... on level 8 of the Dungeon.
             The game lasted 00:25:06 (8871 turns).

phalm the Geomancer (Gargoyle Earth Elementalist)   Turns: 8871, Time: 00:25:07

Health: -5/59      AC: 13    Str: 13    XL:     10   Next: 62%
Magic:  25/25      EV: 12    Int: 18    God:    Vehumet [**....]
Gold:   408        SH:  0    Dex: 10    Spells: 1/17 levels left

rFire    . . .     SeeInvis .   m - +7 dagger (elec)
rCold    + . .     Faith    .   (no shield)
rNeg     + . .     Spirit   .   u - +2 leather armour {rPois}
rPois    ∞         Reflect  .   p - +0 helmet
rElec    +         Harm     .   (no cloak)
rCorr    .         Rampage  .   (no gloves)
Will     .....                  (no boots)
Stlth    ++........             g - amulet of magic regeneration
HPRegen  0.19/turn              C - ring of protection from cold
MPRegen  0.44/turn              W - ring of magical power

@: studying Fighting
A: negative energy resistance 1, electricity resistance, unbreathing,
petrification resistance, miasma immunity, AC +7
a: Renounce Religion


You were on level 8 of the Dungeon.
You worshipped Vehumet.
Vehumet was pleased with you.
You visited 2 branches of the dungeon, and saw 9 of its levels.

You collected 408 gold pieces.


Innate Abilities, Weirdness & Mutations

You are resistant to torment.
Your stone body is resilient. (AC +7)
You are immune to poison.
You resist negative energy. (rN+)
You are resistant to electric shocks. (rElec)
You can survive without breathing.
You are immune to petrification.
You are immune to miasma.


   Skills:
 + Level 5.3 Fighting
 + Level 3.6 Armour
 + Level 3.2 Dodging
 - Level 2.1 Stealth
 + Level 3.6 Shields
 + Level 4.4 Spellcasting
 + Level 6.6 Conjurations
 + Level 1.6 Translocations
 - Level 0.7 Transmutations
 * Level 13.0 Earth Magic
 + Level 2.1 Evocations


You had one spell level left.
You knew the following spells:

 Your Spells              Type           Power        Failure   Level
l - Lee's Rapid Deconstr  Erth           25%          2%          5
m - Magic Dart            Conj           100%         1%          1
s - Searing Ray           Conj           54%          1%          2
w - Stone Arrow           Conj/Erth      78%          1%          3
z - Sandblast             Erth           100%         1%          1
X - Iskenderun's Mystic   Conj/Tloc      18%          32%         4

Your spell library contained the following spells:

 Spells                   Type           Power        Failure   Level
 Static Discharge         Conj/Air       15%          13%         3
 Corona                   Hex            3%           17%         1
 Summon Small Mammal      Summ           12%          17%         1
 Passwall                 Tmut/Erth      23%          1%          2
 Petrify                  Tmut/Erth      28%          10%         4
 Dazzling Flash           Conj/Hex       30%          13%         3
 Call Imp                 Summ           3%           26%         2
 Ensorcelled Hibernation  Hex/Ice        6%           26%         2
 Gell's Gravitas          Tloc           4%           26%         3
 Fulminant Prism          Conj/Hex       7%           41%         4
 Call Canine Familiar     Summ           3%           45%         3
 Confusing Touch          Hex            3%           45%         3
 Summon Guardian Golem    Hex/Summ       3%           45%         3
 Tukima's Dance           Hex            3%           45%         3
 Summon Ice Beast         Ice/Summ       3%           86%         4
 Summon Lightning Spire   Summ/Air       3%           86%         4
 Metabolic Englaciation   Hex/Ice        1%           99%         5
 Yara's Violent Unravell  Hex/Tmut       2%           99%         5

Inventory:

Hand Weapons
 m - a +7 dagger of electrocution (weapon)
   (You took it off a kobold on level 2 of the Dungeon)
Missiles
 A - 21 stones
Armour
 a - the +2 ring mail of the Guardian {Rampage rCorr}
   (You took it off an orc on level 4 of the Dungeon)

   It provides partial protection from all sources of acid and corrosion.
   It bestows one free step when moving towards enemies.
 j - a +0 buckler
   (You found it on level 1 of the Dungeon)
 p - a +0 helmet (worn)
   (You found it on level 2 of the Dungeon)
 q - a +1 ring mail of cold resistance
   (You found it on level 3 of the Dungeon)
 u - a +2 leather armour of poison resistance (worn)
   (You took it off Duvessa on level 4 of the Dungeon)
Jewellery
 g - an amulet of magic regeneration (around neck)
   (You found it on level 1 of the Dungeon)
 n - an uncursed ring of positive energy
   (You found it on level 7 of the Dungeon)
 v - an uncursed ring of see invisible
   (You found it on level 3 of the Dungeon)
 C - a ring of protection from cold (left hand)
   (You found it on level 5 of the Dungeon)
 N - an uncursed ring of positive energy
   (You took it off a kobold on level 2 of the Dungeon)
 R - an uncursed ring of resist corrosion
   (You found it on level 4 of the Dungeon)
 W - a ring of magical power (right hand)
   (You found it on level 7 of the Dungeon)
Wands
 c - a wand of disintegration (3)
   (You took it off Joseph on level 7 of the Dungeon)
 t - a wand of iceblast (5)
   (You found it on level 4 of the Dungeon)
 B - a wand of polymorph (20)
   (You found it on level 7 of the Dungeon)
 E - a wand of acid (2)
   (You found it on level 8 of the Dungeon)
Scrolls
 d - 6 scrolls of remove curse {@r2}
 e - a scroll of blinking {!r}
 f - a scroll of fear
 i - a scroll of fog
 o - a scroll of teleportation {@r4}
 r - 3 scrolls of amnesia
 y - a scroll of vulnerability {!r!r}
 G - a scroll of enchant armour
Potions
 h - a potion of attraction {unknown}
 k - 3 potions of heal wounds {@q2}
 l - 3 potions of brilliance {unknown}
 s - 2 potions of berserk rage {unknown}
 w - a potion of flight {unknown}
 x - a potion of cancellation {unknown}
 z - a potion of degeneration {unknown}
 D - 3 potions of resistance {unknown}
Books
 b - a manual of Fighting {!d}
   (You found it on level 6 of the Dungeon)

Dungeon Overview and Level Annotations

Branches:
Dungeon (8/15)             Temple (1/1) D:4
   Lair: D:8-11

Altars:
Ashenzari
Cheibriados
Dithmenos
Elyvilon
Gozag
Hepliaklqana
Makhleb
Nemelex Xobeh
Okawaru
Qazlal
Ru
Sif Muna
Trog
Uskayaw
Vehumet
Wu Jian
Xom
Yredelemnul
Zin
The Shining One

Annotations:
D:7 2 runed translucent doors

####.### #.##########.#.# # #.#
#..........<.#.# ####.#
##........##.#.##### .....#
#.Y......##.#...... .....#
#..################ .....# #.l#
##8## .....# #.†# 8...8#########
.....###########h##.....##.......
.....#<#....#...@#_....._#.......
.....#.#....#.#..##.....#########
.....#.#....#.#..##8...8#######..
.....#.#....#.#..##.....##.......
.....#.#....#.#..#_....._######.#
##.#.#.#....#.#..##.....##.......
⌠....#.#....#.#..##8...8########.
.#.....##.(......# ##>## #......)
#####..##.#####.##########.#####.


You could see a polar bear (berserk, corroded), a yak (corroded) and a wyvern.


Message History

Your Fighting skill increases to level 5!
You now have 59 max hp (+1).
Aiming: Iceblast
Press: ? - help, Shift-Dir - straight line, f - polar bear
Aim: a polar bear (heavily wounded)
The mass of ice explodes!
The iceblast engulfs the polar bear!
The polar bear partially resists.
The iceblast engulfs the wyvern.
Aiming: Iceblast
Press: ? - help, Shift-Dir - straight line, f/p - polar bear
Aim: a polar bear (severely wounded)
The mass of ice explodes!
The iceblast engulfs the polar bear!
The polar bear partially resists.
You kill the polar bear!
Vehumet accepts your kill.
The iceblast engulfs the wyvern!
You kill the wyvern!
Vehumet accepts your kill.
Vehumet offers you knowledge of Static Discharge.
Your Earth Magic skill increases to level 13!
Your Evocations skill increases to level 2! 😨 HP[+1]
Casting: Sandblast (safe; 1% risk of failure)
Confirm with . or Enter, or press ? or * to list all spells.
Aiming: Stone Arrow (safe; 1% risk of failure)
Press: ? - help, Shift-Dir - straight line, f - hound
Aim: a hound (36% to evade)
The stone arrow hits the hound!!
You kill the hound!
Vehumet accepts your kill. 😨 MP[-3]
You lost 3 mp, and now have 22/25 mp.
Casting: Stone Arrow (safe; 1% risk of failure)
Confirm with . or Enter, or press ? or * to list all spells.
You can't see any susceptible monsters within range! (Use Z to cast anyway.)
Casting: Stone Arrow (safe; 1% risk of failure)
Confirm with . or Enter, or press ? or * to list all spells.
Aiming: Magic Dart (safe; 1% risk of failure)
Press: ? - help, Shift-Dir - straight line, f - polar bear
Aim: a polar bear (0% to evade)
The magic dart hits the polar bear.
Casting: Magic Dart (safe; 1% risk of failure)
Confirm with . or Enter, or press ? or * to list all spells.
Aiming: Stone Arrow (safe; 1% risk of failure)
Press: ? - help, Shift-Dir - straight line, f/p - polar bear
Aim: a polar bear (lightly wounded, 19% to evade)
The stone arrow hits the polar bear! 😨 MP[-3]
You lost 3 mp, and now have 19/25 mp.
Casting: Stone Arrow (safe; 1% risk of failure)
Confirm with . or Enter, or press ? or * to list all spells.
Okay, then.
Aiming: Iceblast
Press: ? - help, Shift-Dir - straight line, f/p - polar bear
Aim: a polar bear (heavily wounded)
The mass of ice explodes!
The iceblast engulfs the polar bear!
The polar bear partially resists.
The iceblast engulfs the black bear! 😨 MP[+1]
Aiming: Corrosive Bolt
Press: ? - help, Shift-Dir - straight line, f - yak, p - polar bear
Aim: a yak (moderately wounded, 17% to evade)
The bolt of acid hits the polar bear.
The polar bear is splashed with acid.
The acid corrodes the polar bear!
The bolt of acid hits the yak!
The yak is splashed with acid.
The acid corrodes the yak!
The polar bear goes berserk!
The black bear goes berserk! 😨 HP[+1] 😨 MP[+1]
Aiming: Corrosive Bolt
Press: ? - help, Shift-Dir - straight line, f - yak, p - yak
Aim: a yak (17% to evade)
The bolt of acid hits the polar bear!
The polar bear is splashed with acid.
The polar bear seems to be corroded for longer.
The bolt of acid misses the black bear.
The bolt of acid hits the yak.
The yak is splashed with acid!
The acid corrodes the yak!
The polar bear bites you.
* * * LOW HITPOINT WARNING * * *
The polar bear claws you but does no damage.
The polar bear barely misses you. 😱 HP[-5]
You take 5 damage, and now have 13/59 hp.
Unknown command.
Aiming: Corrosive Bolt
Press: ? - help, Shift-Dir - straight line, f/p - yak
Aim: a yak (moderately wounded, covered in acid, 17% to evade)
The bolt of acid misses the polar bear.
The bolt of acid hits the black bear!
The black bear is splashed with acid.
The acid corrodes the black bear!
You kill the black bear!
Vehumet accepts your kill.
You feel your power returning.
The bolt of acid hits the yak!
The yak is splashed with acid.
The yak seems to be corroded for longer.
You kill the yak!
Vehumet accepts your kill.
You feel your power returning.
The bolt of acid hits the yak!
The yak is splashed with acid.
The polar bear bites you!
* * * LOW HITPOINT WARNING * * *
The polar bear barely misses you. The polar bear claws you.
* * * LOW HITPOINT WARNING * * *
The polar bear bites you!
You die...

Skill      XL: |  1  2  3  4  5  6  7  8  9 10 |
---------------+-------------------------------+-----
Earth Magic    | 4 5 6 7 8 11 12 13 | 13.0
Conjurations   | 1 2 3 4 5 6 |  6.6
Spellcasting   | 3 4 |  4.4
Fighting       | 4 5 |  5.3
Shields        | 2 3 |  3.6
Armour         | 2 3 |  3.6
Dodging        | 2 3 |  3.2
Evocations     | 2 |  2.1
Translocations | 1 |  1.6
Stealth        | |  2.1
Transmutations | |  0.7

Action                   |  1- 3 |  4- 6 |  7- 9 | 10-12 || total
-------------------------+-------+-------+-------+-------++-------
Melee: Dagger            |    35 |    31 |   138 |     6 ||   210
       Club              |     1 |       |       |       ||     1
Throw: Throwing net      |       |       |     1 |       ||     1
 Cast: Sandblast         |    42 |    90 |    82 |     8 ||   222
       Stone Arrow       |       |     1 |    26 |     7 ||    34
       Searing Ray       |       |       |     2 |       ||     2
       Magic Dart        |       |       |     1 |     5 ||     6
Evoke: Wand              |       |     1 |       |    13 ||    14
  Use: Scroll            |       |     7 |     6 |     5 ||    18
 Stab: Sleeping          |     3 |     1 |     4 |       ||     8
Armor: Robe              |    13 |    25 |    32 |       ||    70
       Leather armour    |       |       |    23 |     8 ||    31
Dodge: Dodged            |    20 |    44 |   111 |     8 ||   183

Levels and vault maps discovered:
D:1:      dpeg_arrival_round_c, layout_loops_ring
D:2:      layout_loops_cross, makhleb_blood_cavern_becter
D:3:      minmay_evil_eye, layout_basic, kennysheep_boxes
D:4:      layout_rooms, minmay_temple_entry_waves, uniq_duvessa
D:5:      kb_forest_paths, layout_basic,
          chequers_temple_overflow_statue_of_worship, lemuel_doored_altar
D:6:      layout_basic, serial_bayou_pond_a, grunt_ministairs_15,
          minmay_manual_mandibuliform
D:7:      layout_basic, basic_altar, minmay_hollow_rounded_squares, uniq_joseph
D:8:      lemuel_bear_cage, layout_basic, evilmike_ruin_ashenzari,
          nicolae_overflow_hidden_temple
Temple:   minmay_freezing_vapour_temple

Notes
Turn   | Place    | Note
-------+----------+-------------------------------------------
     0 | D:1      | phalm the Gargoyle Earth Elementalist began the quest for
                  | the Orb.
     0 | D:1      | Reached XP level 1. HP: 10/10 MP: 3/3
     0 | D:1      | magus.rc [v1.9.10]
   159 | D:1      | Reached skill level 4 in Earth Magic
   216 | D:1      | Reached XP level 2. HP: 15/15 MP: 5/5
   607 | D:1      | Reached skill level 5 in Earth Magic
   607 | D:1      | Reached XP level 3. HP: 19/19 MP: 4/6
   611 | D:1      | Learned a level 3 spell: Stone Arrow
  1193 | D:2      | Reached skill level 1 in Conjurations
  1208 | D:2      | You pick up a book of Misfortune and begin reading...
  1208 | D:2      | You add the spells Confusing Touch, Gell's Gravitas,
                  | Metabolic Englaciation and Yara's Violent Unravelling to
                  | your library.
  1284 | D:2      | Reached XP level 4. HP: 24/24 MP: 4/7
  1630 | D:2      | Found a burning altar of Makhleb.
  1633 | D:2      | Reached skill level 2 in Conjurations
  1843 | D:3      | Reached XP level 5. HP: 26/28 MP: 3/8
  2821 | D:3      | HP: 6/28 [iguana (9)]
  2823 | D:3      | Reached skill level 6 in Earth Magic
  3346 | D:4      | Reached skill level 3 in Conjurations
  3411 | D:4      | Noticed Duvessa
  3458 | D:4      | Killed Duvessa
  3459 | D:4      | Reached skill level 3 in Spellcasting
  3459 | D:4      | Reached XP level 6. HP: 10/32 MP: 1/10
  3479 | D:4      | Noticed Dowan
  3679 | D:4      | Killed Dowan
  3715 | D:4      | Reached skill level 4 in Conjurations
  3727 | D:4      | Reached skill level 7 in Earth Magic
  3748 | D:4      | You pick up a book of Callings and begin reading...
  3748 | D:4      | You add the spells Summon Small Mammal, Call Imp, Call
                  | Canine Familiar, Summon Guardian Golem, Summon Lightning
                  | Spire and Summon Ice Beast to your library.
  3757 | D:4      | Learned a level 5 spell: Lee's Rapid Deconstruction
  3868 | D:4      | Found a staircase to the Ecumenical Temple.
  3879 | D:4      | Identified the +2 ring mail of the Guardian {Rampage rCorr}
  3880 | D:4      | Reached XP level 7. HP: 36/36 MP: 8/11
  3888 | Temple   | Entered the Ecumenical Temple
  3893 | Temple   | Became a worshipper of Vehumet
  3998 | D:5      | Entered Level 5 of the Dungeon
  4292 | D:5      | Reached skill level 8 in Earth Magic
  4343 | D:5      | Found an opulent altar of Gozag.
  4343 | D:5      | Found a glowing golden altar of the Shining One.
  4344 | D:5      | Found a white marble altar of Elyvilon.
  4508 | D:5      | Reached skill level 5 in Conjurations
  4520 | D:5      | You pick up a book of Maledictions and begin reading...
  4520 | D:5      | You add the spells Corona, Ensorcelled Hibernation,
                  | Tukima's Dance and Dazzling Flash to your library.
  4652 | D:5      | Found a basalt altar of Yredelemnul.
  4740 | D:5      | Reached XP level 8. HP: 41/41 MP: 5/12
  4842 | D:5      | Reached skill level 9 in Earth Magic
  5181 | D:6      | Reached * piety under Vehumet
  5181 | D:6      | Offered knowledge of Foxfire by Vehumet.
  5197 | D:6      | Reached skill level 6 in Conjurations
  5261 | D:6      | Reached skill level 10 in Earth Magic
  5429 | D:6      | Reached skill level 11 in Earth Magic
  5849 | D:6      | Reached XP level 9. HP: 43/45 MP: 13/13
  6188 | D:6      | Reached skill level 1 in Fighting
  6539 | D:7      | Reached skill level 1 in Shields
  6543 | D:7      | Reached skill level 12 in Earth Magic
  6587 | D:7      | Reached skill level 1 in Armour
  6696 | D:7      | Found a large runed translucent door.
  6697 | D:7      | Found a large runed translucent door.
  6698 | D:7      | Found a large runed translucent door.
  6698 | D:7      | Found a large runed translucent door.
  6791 | D:7      | Noticed Joseph
  6799 | D:7      | Killed Joseph
  6800 | D:7      | Reached skill level 2 in Fighting
  6800 | D:7      | Reached skill level 2 in Dodging
  6997 | D:7      | Reached ** piety under Vehumet
  7032 | D:7      | Reached skill level 3 in Fighting
  7032 | D:7      | Reached skill level 2 in Shields
  7148 | D:7      | You pick up a book of Conjurations and begin reading...
  7148 | D:7      | You add the spells Magic Dart, Searing Ray, Fulminant Prism
                  | and Iskenderun's Mystic Blast to your library.
  7152 | D:7      | Learned a level 2 spell: Searing Ray
  7154 | D:7      | Learned a level 1 spell: Magic Dart
  7210 | D:7      | Reached skill level 2 in Armour
  7293 | D:7      | Offered knowledge of Freeze by Vehumet.
  7531 | D:7      | Found a white marble altar of Elyvilon.
  7679 | D:7      | Reached skill level 4 in Fighting
  7679 | D:7      | Reached XP level 10. HP: 28/56 MP: 2/15
  7882 | D:8      | Reached skill level 1 in Evocations
  7915 | D:8      | Learned a level 4 spell: Iskenderun's Mystic Blast
  7984 | D:8      | Found a huge runed translucent gate.
  7984 | D:8      | Found a huge runed translucent gate.
  7988 | D:8      | Found a huge runed translucent gate.
  7989 | D:8      | Found a huge runed translucent gate.
  7992 | D:8      | Found a shadowy altar of Dithmenos.
  7995 | D:8      | Found a hazy altar of Hepliaklqana.
  8124 | D:8      | Found a broken altar of Ashenzari.
  8195 | D:8      | Reached skill level 4 in Spellcasting
  8508 | D:8      | Found a shimmering blue altar of Sif Muna.
  8636 | D:8      | Reached skill level 3 in Armour
  8815 | D:8      | Found an iron altar of Okawaru.
  8848 | D:8      | Reached skill level 3 in Shields
  8852 | D:8      | HP: 14/58 [polar bear (1)]
  8854 | D:8      | Reached skill level 3 in Dodging
  8854 | D:8      | Reached skill level 1 in Translocations
  8862 | D:8      | Reached skill level 5 in Fighting
  8863 | D:8      | Offered knowledge of Static Discharge by Vehumet.
  8864 | D:8      | Reached skill level 13 in Earth Magic
  8864 | D:8      | Reached skill level 2 in Evocations
  8870 | D:8      | HP: 13/59 [polar bear (5)]
  8871 | D:8      | HP: 3/59 [polar bear (10)]
  8871 | D:8      | Slain by a polar bear

Vanquished Creatures
  Joseph (D:7)
  5 polar bears (D:8)
  A vampire (D:7)
  2 yaks (D:8)
  2 wyverns (D:8)
  A wraith (D:7)
  A hog (D:8)
  Duvessa (D:4)
  An ice beast (D:5)
  3 black bears
  4 sky beasts
  A necrophage (D:7)
  2 phantoms (D:6)
  2 ogres
  3 centaurs
  A bullfrog (D:6)
  Dowan (D:4)
  4 scorpions
  A water moccasin skeleton (D:6)
  A howler monkey (D:7)
  2 bullfrog zombies
  4 centaur zombies
  4 hounds
  2 bullfrog skeletons
  2 orc priests
  2 jellies
  A centaur skeleton (D:6)
  2 iguanas
  3 orc wizards
  11 worker ants
  2 worker ant zombies
  7 adders
  3 shadow imps
  4 white imps
  4 ufetubi
  2 oozes
  3 adder skeletons (D:6)
  4 worms
  7 dart slugs
  5 leopard geckos
  18 orcs
  10 giant cockroaches
  5 goblins
  10 hobgoblins
  5 jackals
  4 quokkas
  A ball python (D:4)
  5 bats
  5 frilled lizards
  8 kobolds
  4 quokka skeletons
  8 rats
195 creatures vanquished.

Vanquished Creatures (others)
  A plant (D:6)
1 creature vanquished.

Grand Total: 196 creatures vanquished

Table legend:
 A = Non-vault XP
 B = Vault XP
 C = Vault XP percentage of total XP
 D = Non-vault monster count
 E = Vault monster count
 F = Vault count percentage of total count
                 A         B        C        D         E       F
            +---------+---------+-------+---------+---------+-------
      Total |    3247 |    4620 |  58.7 |     154 |      41 |  21.0
            +---------+---------+-------+---------+---------+-------
        D:1 |      47 |       0 |   0.0 |      24 |       0 |   0.0
        D:2 |      64 |      43 |  40.2 |      19 |       1 |   5.0
        D:3 |     120 |       5 |   4.0 |      32 |       2 |   5.9
        D:4 |     148 |     228 |  60.6 |      13 |       2 |  13.3
        D:5 |     616 |     178 |  22.4 |      17 |       5 |  22.7
        D:6 |    1079 |     247 |  18.6 |      23 |       5 |  17.9
        D:7 |     704 |    1214 |  63.3 |      15 |      13 |  46.4
        D:8 |     469 |    2705 |  85.2 |      11 |      13 |  54.2
            +---------+---------+-------+---------+---------+-------

Illustrated notes

Table legend:
 A = Kills in this place as a percentage of kills in entire the game.
 B = Kills by you in this place as a percentage of kills by you in the entire game.
 C = Kills by friends in this place as a percentage of kills by friends in the entire game.
 D = Other kills in this place as a percentage of other kills in the entire game.
 E = Experience gained in this place as a percentage of experience gained in the entire game.
 F = Experience gained in this place divided by the number of levels of this place that you have seen.
                   A       B       C       D       E      F
               +-------+-------+-------+-------+-------+----------------------
         Total | 100.0 | 100.0 |   N/A |   N/A | 100.0 | 874.1
       Dungeon | 100.0 | 100.0 |   N/A |   N/A | 100.0 | 983.4
               +-------+-------+-------+-------+-------+----------------------

Table legend: (Time is in decaauts)
 A = Elapsed time spent in this place.
 B = Non-inter-level travel time spent in this place.
 C = Inter-level travel time spent in this place.
 D = Time resting spent in this place.
 E = Time spent auto-exploring this place.
 F = Levels seen in this place.
 G = Mean time per level.
                   A        B        C        D        E       F      G
               +--------+--------+--------+--------+--------+-----+--------+
         Total |   8870 |   8675 |    195 |      6 |   7474 |   9 |  985.6 |
       Dungeon |   8848 |   8653 |    195 |      6 |   7462 |   8 | 1106.0 |
        Temple |     22 |     22 |      0 |      0 |     12 |   1 |   22.0 |
               +--------+--------+--------+--------+--------+-----+--------+

Top non-repeatable levels by time:
     D:3: 1582 daAuts
     D:6: 1378 daAuts
     D:7: 1373 daAuts
     D:5: 1129 daAuts
     D:1: 1002 daAuts
     D:8: 990 daAuts
     D:2: 794 daAuts
     D:4: 595 daAuts
  Temple: 22 daAuts
